 Dungeon Crawl Stone Soup version 0.26-a0-1038-gfb849e850a (webtiles) character file.

Game seed: 15495783520141173273

9726 Drevant2 the Placeless Elf (level 11, -8/81 HPs)
             Began as a Deep Elf Conjurer on Nov 22, 2020.
             Was an Elder of Sif Muna.
             Mangled by a two-headed ogre
             ... wielding a +0 giant club
              (15 damage)
             ... on level 11 of the Dungeon on Dec 11, 2020.
             The game lasted 00:50:11 (18189 turns).

Drevant2 the Placeless Elf (Deep Elf Conjurer)     Turns: 18189, Time: 00:50:12

Health: -8/81      AC: 25    Str:  6    XL:     11   Next: 26%
Magic:  16/21      EV:  2    Int: 25    God:    Sif Muna [****..]
Gold:   591        SH:  0    Dex: 13    Spells: 10/20 levels left

rFire    + . .     SeeInvis .   l - staff of death
rCold    . . .     Faith    .   (no shield)
rNeg     + + +     Spirit   .   (armour currently unavailable)
rPois    +         Reflect  .   (helmet currently unavailable)
rElec    .         Harm     .   (cloak currently unavailable)
rCorr    .         Rampage  .   (gloves currently unavailable)
Will     +....     NoTele   +   (boots currently unavailable)
Stlth    ++........             (no amulet)
HPRegen  0.23/turn              h - ring of poison resistance
MPRegen  0.17/turn              o - ring of protection from fire

@: mighty, tree-form, lightly drained
A: no striking features
a: Channel Magic, Forget Spell, Divine Exegesis, Renounce Religion


You were on level 11 of the Dungeon.
You worshipped Sif Muna.
Sif Muna was greatly pleased with you.
You were a tree.
You visited 1 branch of the dungeon, and saw 11 of its levels.

You collected 591 gold pieces.

Inventory:

Hand Weapons
 c - a +0 dagger
 f - a -2 spear
 B - a +1 long sword of venom
 K - the +0 morningstar of Watchfulness {freeze, rPois Int+5 Stlth+}
   (You found it on level 8 of the Dungeon)

   It has been specially enchanted to freeze those struck by it, causing extra
   injury to most foes and up to half again as much damage against particularly
   susceptible opponents.
   It can also slow down cold-blooded creatures.
   It affects your intelligence (+5).
   It protects you from poison.
   It makes you more stealthy.
Missiles
 x - 7 silver javelins (quivered)
Armour
 a - a +0 robe (melded)
 u - a cursed +0 robe
 z - a +1 pair of gloves (melded)
Magical Staves
 l - an uncursed staff of death (weapon)
Jewellery
 h - a ring of poison resistance (left branch)
 o - a ring of protection from fire (right branch)
 p - a +6 ring of strength {unknown}
 G - an uncursed ring of see invisible
 J - an uncursed amulet of regeneration {unknown}
Wands
 b - a wand of random effects (11)
 i - a wand of polymorph (4)
 q - a wand of iceblast (31)
 t - a wand of paralysis (24)
 F - a wand of acid (5)
 M - a wand of flame (27)
Scrolls
 m - a scroll of enchant armour {unknown}
 n - a scroll of immolation {unknown}
 w - 2 scrolls of remove curse
 y - a scroll of amnesia
 A - a scroll of brand weapon {unknown}
 C - a scroll of blinking {unknown}
 D - 2 scrolls of random uselessness {unknown}
 H - 4 scrolls of identify
Potions
 d - 2 potions of resistance
 g - 2 potions of might
 j - 2 potions of flight {unknown}
 k - 2 potions of degeneration
 r - a potion of mutation
 s - a potion of haste {unknown}
 v - 3 potions of attraction
 E - 4 potions of curing
 I - 2 potions of brilliance {unknown}


   Skills:
 - Level 4.7(4.6) Staves
 - Level 2.4 Dodging
 - Level 2.4 Stealth
 - Level 5.4 Spellcasting
 - Level 10.2 Conjurations
 + Level 14.9 Translocations


You had 10 spell levels left.
You knew the following spells:

 Your Spells              Type           Power        Failure   Level
a - Magic Dart            Conj           ####         1%          1
b - Searing Ray           Conj           ######       1%          2
c - Iskenderun's Mystic   Conj/Tloc      ######..     1%          4
d - Gell's Gravitas       Tloc           ######....   1%          3

Your spell library contained the following spells:

 Spells                   Type           Power        Failure   Level
 Dazzling Flash           Conj/Hex       ####..       3%          3
 Fulminant Prism          Conj/Hex       ####......   10%         4
 Confusing Touch          Hex            #.......     24%         3
 Petrify                  Tmut/Erth      #.......     61%         4
 Metabolic Englaciation   Hex/Ice        #.........   91%         5
 Yara's Violent Unravell  Hex/Tmut       #.........   91%         5


Dungeon Overview and Level Annotations

Branches:
Dungeon (11/15)            Temple (0/1) D:4            Lair (0/6) D:9
    Orc: D:9-12

Altars:
Cheibriados
Dithmenos
Elyvilon
Fedhas
Hepliaklqana
Nemelex Xobeh
Sif Muna
Xom
Yredelemnul
Zin
The Shining One

Annotations:
D:6 Edmund


Message History

(Press . to maintain the ray.)
The searing ray hits the two-headed ogre!
The two-headed ogre is heavily wounded.
The two-headed ogre hits you with a +0 giant club!!
* * * LOW HITPOINT WARNING * * *
The two-headed ogre barely misses you.
Really quaff the potion of lignification? [Y]es or [N]o only, please.
Really quaff the potion of lignification? [Y]es or [N]o only, please.
Really quaff the potion of lignification?
You turn into a tree.
Your +1 pair of gloves melds into your body.
Your +0 robe melds into your body.
Your roots penetrate the ground.
The two-headed ogre barely misses you.
The two-headed ogre completely misses you.
You feel very mighty all of a sudden.
The two-headed ogre hits you but does no damage.
The two-headed ogre hits you with a +0 giant club!
You die...

#.# #.##.
#.####......
##.#....#
#....####
######.#.##
#...<#...#
#.......##
#......##
#♣O......
#.....#...#
#....##.(.#
#....# .....
#....#
......
#.[..#
...###
#....#
######


You could see a two-headed ogre.

Vanquished Creatures
  2 two-headed ogres
  A centaur skeleton (D:9)
  2 trolls
  A wraith (D:10)
  13 yaks
  Grum (D:8)
  4 black bears
  8 orc warriors
  3 ice beasts
  4 sky beasts
  2 phantoms
  4 wolves (D:8)
  2 centaurs
  3 ogres
  2 big kobolds (D:10)
  3 bullfrogs
  2 scorpions
  11 killer bees
  10 wights
  3 howler monkeys (D:10)
  2 centaur zombies
  A hound (D:5)
  3 jellies
  A bullfrog zombie (D:5)
  A gnoll shaman (D:5)
  6 orc priests
  3 bullfrog skeletons (D:9)
  10 orc wizards
  Natasha (thrice) (D:2)
  8 worker ants
  A hound skeleton (D:5)
  3 worker ant zombies
  7 gnolls
  A howler monkey skeleton (D:4)
  16 adders
  2 shadow imps
  2 white imps
  An ufetubus (D:10)
  An ooze (D:1)
  2 adder skeletons
  An adder zombie (D:6)
  7 worms
  3 dart slugs
  5 leopard geckos
  35 orcs
  4 giant cockroaches
  10 goblins
  12 hobgoblins
  9 jackals
  A quokka (D:6)
  A ball python (D:1)
  8 bats
  4 frilled lizards
  16 kobolds
  A leopard gecko zombie (D:8)
  A quokka zombie (D:7)
  8 rats
281 creatures vanquished.

Vanquished Creatures (others)
  20 fungi (D:9)
  24 plants (D:9)
44 creatures vanquished.

Grand Total: 325 creatures vanquished

Notes
Turn   | Place    | Note
-------+----------+-------------------------------------------
     0 | D:1      | Drevant2 the Deep Elf Conjurer began the quest for the Orb.
     0 | D:1      | Reached XP level 1. HP: 10/10 MP: 6/6
   365 | D:1      | Reached XP level 2. HP: 15/15 MP: 5/8
   366 | D:1      | Reached skill level 5 in Conjurations
   374 | D:1      | Learned a level 2 spell: Searing Ray
   800 | D:1      | Reached XP level 3. HP: 19/19 MP: 5/9
  1818 | D:2      | Noticed Natasha
  1824 | D:2      | Killed Natasha
  1825 | D:2      | Reached XP level 4. HP: 24/24 MP: 3/10
  2355 | D:2      | Noticed a phantom
  2425 | D:2      | Killed a phantom
  2426 | D:2      | Reached XP level 5. HP: 28/28 MP: 3/11
  2751 | D:2      | Found a shimmering altar of Xom.
  2751 | D:2      | Found a shimmering blue altar of Sif Muna.
  2767 | D:2      | Noticed Natasha
  2775 | D:2      | Killed Natasha
  2909 | D:2      | Became a worshipper of Sif Muna the Loreminder
  2949 | D:2      | Noticed Natasha
  2953 | D:2      | Killed Natasha
  3000 | D:3      | Learned a level 4 spell: Iskenderun's Mystic Blast
  3178 | D:3      | Reached XP level 6. HP: 32/32 MP: 4/12
  3615 | D:3      | Found a faded altar of an unknown god.
  3735 | D:3      | Found a hazy altar of Hepliaklqana.
  3960 | D:4      | Reached skill level 1 in Translocations
  4062 | D:4      | Found a snail-covered altar of Cheibriados.
  4150 | D:4      | Reached skill level 2 in Translocations
  4215 | D:4      | Reached * piety under Sif Muna
  4695 | D:4      | Reached skill level 3 in Translocations
  5113 | D:4      | Found a staircase to the Ecumenical Temple.
  5388 | D:5      | Entered Level 5 of the Dungeon
  5417 | D:5      | Reached skill level 4 in Translocations
  5417 | D:5      | Reached XP level 7. HP: 20/36 MP: 5/13
  5986 | D:5      | Reached skill level 5 in Translocations
  6152 | D:5      | Reached skill level 1 in Staves
  6361 | D:5      | Found a sparkling altar of Nemelex Xobeh.
  6362 | D:5      | Found a blossoming altar of Fedhas.
  6364 | D:5      | Found a white marble altar of Elyvilon.
  6825 | D:5      | Learned a level 3 spell: Gell's Gravitas
  7010 | D:6      | Noticed Edmund
  7397 | D:6      | Reached XP level 8. HP: 41/41 MP: 11/16
  7544 | D:7      | Reached skill level 5 in Spellcasting
  8568 | D:6      | Found a glowing golden altar of the Shining One.
  9692 | D:7      | Reached skill level 10 in Conjurations
  9840 | D:7      | Reached XP level 9. HP: 45/45 MP: 9/19
 10016 | D:7      | Reached skill level 6 in Translocations
 10067 | D:7      | Upgraded the game from 0.26-a0-854-gdc81c2f471 to
                  | 0.26-a0-1038-gfb849e850a
 10075 | D:7      | Found a basalt altar of Yredelemnul.
 10192 | D:7      | Reached ** piety under Sif Muna
 10193 | D:7      | Reached skill level 7 in Translocations
 10204 | D:7      | Reached skill level 8 in Translocations
 10538 | D:7      | Found a glowing silver altar of Zin.
 10937 | D:8      | Reached skill level 9 in Translocations
 10970 | D:8      | Noticed Grum
 11046 | D:8      | Killed Grum
 11338 | D:8      | Reached skill level 10 in Translocations
 11459 | D:8      | Got a brightly glowing morningstar
 11463 | D:8      | Identified the +0 morningstar of Watchfulness {freeze,
                  | rPois Int+5 Stlth+} (You found it on level 8 of the
                  | Dungeon)
 11862 | D:8      | Noticed a two-headed ogre
 12126 | D:8      | Killed a two-headed ogre
 12127 | D:8      | Reached skill level 11 in Translocations
 12127 | D:8      | Reached XP level 10. HP: 28/50 MP: 3/20
 13180 | D:9      | Noticed a two-headed ogre
 13189 | D:9      | Killed a two-headed ogre
 13189 | D:9      | Reached *** piety under Sif Muna
 13190 | D:9      | Reached skill level 12 in Translocations
 13806 | D:9      | Reached skill level 13 in Translocations
 14132 | D:9      | Found a shadowy altar of Dithmenos.
 15009 | D:9      | Found a staircase to the Lair.
 15296 | D:10     | Entered Level 10 of the Dungeon
 15692 | D:10     | Reached skill level 14 in Translocations
 15869 | D:10     | Reached XP level 11. HP: 35/54 MP: 11/21
 16027 | D:10     | Reached **** piety under Sif Muna
 17813 | D:11     | Noticed a two-headed ogre
 17914 | D:11     | Noticed a boulder beetle
 18189 | D:11     | Mangled by a two-headed ogre

Illustrated notes

Levels and vault maps discovered:
D:1:      dpeg_arrival_lava_temple_mockup, layout_basic, minmay_misc_feat_x,
          minmay_misc_feat_rugged
D:2:      layout_loops_corners, gammafunk_temple_overflow_elements, uniq_natasha
D:3:      layout_loops_ring, lemuel_coloured_pillars_altar,
          chequers_ecumenical_altar_simple_redux
D:4:      layout_basic, lemuel_doored_altar, minmay_temple_entry_arrows
D:5:      layout_basic, nicolae_overflow_hidden_temple
D:6:      layout_basic, marbit_many_paths, uniq_edmund
D:7:      layout_rooms, lemuel_round_altar, lemuel_round_altar
D:8:      layout_basic, uniq_grum
D:9:      layout_loops_ring, kennysheep_little_box,
          grunt_lair_entry_orc_guard_hut, serial_aquarium,
          aquarium_bridge_long_separate [aquarium_subvault_bridge,
          aquarium_subvault_wall, aquarium_subvault_wall,
          aquarium_subvault_wall, aquarium_subvault_bridge,
          aquarium_subvault_bridge], aquarium_window_corner,
          aquarium_window_corridor_1, aquarium_window_fake, aquarium_view_2b,
          aquarium_view_2d, aquarium_balcony_1a, aquarium_pool_four
D:10:     layout_stronghold
D:11:     layout_rooms, serial_shops, shop, uniq_sonja

Skill      XL: |  1  2  3  4  5  6  7  8  9 10 |
---------------+-------------------------------+-----
Conjurations   | 5 6 7 8 10 | 10.2
Translocations | 4 5 11 14 | 14.9
Staves         | 3 4 |  4.7
Spellcasting   | 4 5 |  5.4
Dodging        | |  2.4
Stealth        | |  2.4

Action                   |  1- 3 |  4- 6 |  7- 9 | 10-12 || total
-------------------------+-------+-------+-------+-------++-------
Melee: Dagger            |    15 |       |       |       ||    15
       Spear             |    12 |    23 |       |       ||    35
       Staff             |       |     3 |    64 |    31 ||    98
Throw: Javelin           |       |       |     3 |     1 ||     4
 Cast: Magic Dart        |    76 |    99 |   168 |   118 ||   461
       Searing Ray       |     2 |    19 |    49 |    51 ||   121
       Gell's Gravitas   |       |       |    10 |    34 ||    44
  Use: Scroll            |     2 |     3 |    13 |     1 ||    19
       Potion            |       |     3 |       |     2 ||     5
 Stab: Sleeping          |       |     1 |       |       ||     1
Armor: Robe              |     6 |       |    25 |    17 ||    48
       Skin              |       |       |       |     1 ||     1
Dodge: Dodged            |    21 |    29 |    82 |    85 ||   217

Table legend: (Time is in decaauts)
 A = Elapsed time spent in this place.
 B = Non-inter-level travel time spent in this place.
 C = Inter-level travel time spent in this place.
 D = Time resting spent in this place.
 E = Time spent auto-exploring this place.
 F = Levels seen in this place.
 G = Mean time per level.
                   A        B        C        D        E       F      G
               +--------+--------+--------+--------+--------+-----+--------+
         Total |  18225 |  16723 |   1502 |   8237 |   6312 |  11 | 1656.8 |
       Dungeon |  18225 |  16723 |   1502 |   8237 |   6312 |  11 | 1656.8 |
               +--------+--------+--------+--------+--------+-----+--------+

Top non-repeatable levels by time:
    D:10: 2869 daAuts
     D:8: 2484 daAuts
     D:6: 2461 daAuts
     D:9: 2006 daAuts
     D:2: 1982 daAuts
     D:5: 1645 daAuts
     D:4: 1333 daAuts
     D:7: 1321 daAuts
     D:1: 1149 daAuts
     D:3: 933 daAuts
    D:11: 37 daAuts
